 Dungeon Crawl Stone Soup version 0.30-a0-845-g7c6808c8ce (webtiles) character file.

Game seed: 2241917473802969837

89 demibob the Cudgeller (level 4, -5/33 HPs)
             Began as a Demonspawn Wanderer on Mar 2, 2023.
             Slain by an iguana (9 damage)
             ... on level 4 of the Dungeon.
             The game lasted 00:02:50 (2345 turns).

demibob the Cudgeller (Demonspawn Wanderer)         Turns: 2345, Time: 00:02:51

Health: -5/33      AC:  3    Str: 14    XL:     4   Next: 31%
Magic:  8/8        EV: 11    Int: 11    God:
Gold:   211        SH:  0    Dex: 15    Spells: 8/9 levels left

rFire   . . .      SeeInvis .    a - +3 flail
rCold   . . .      Faith    .    (no shield)
rNeg    . . .      Spirit   .    c - +0 leather armour
rPois   .          Reflect  .    (no helmet)
rElec   .          Rampage  .    (no cloak)
rCorr   .                        (no gloves)
Will    .....                    (no boots)
Stlth   +                        (no amulet)
HPRegen 0.25/turn                (no ring)
MPRegen 0.22/turn                (no ring)

@: hasted, very quick
A: magic regeneration, demonic touch 1
a: no special abilities


You were on level 4 of the Dungeon.
You visited 1 branch of the dungeon, and saw 4 of its levels.

You collected 211 gold pieces.


Innate Abilities, Weirdness & Mutations

You regenerate magic rapidly.
Your touch may inflict minor irresistible damage on your foes.


   Skills:
 - Level 2.0 Fighting
 - Level 3.3 Maces & Flails
 + Level 3.0 Unarmed Combat
 - Level 3.0 Spellcasting
 - Level 2.0 Poison Magic


You had 8 spell levels left.
You knew the following spells:

 Your Spells              Type           Power      Damage    Failure   Level
z - Sting                 Tmut/Pois      12%        1d3       22%         1

Your spell library contained the following spells:

 Spells                   Type           Power      Damage    Failure   Level
 Poisonous Vapours        Pois/Air       6%         N/A       32%         2
 Ignite Poison            Fire/Tmut/Pois 3%         N/A       61%         3
 Inner Flame              Hex/Fire       1%         N/A       69%         3
 Olgreb's Toxic Radiance  Pois           6%         N/A       82%         4
 Cause Fear               Hex            0%         N/A       97%         4
 Discord                  Hex            0%         N/A       100%        8

Inventory:

Hand Weapons
 a - a +3 flail (weapon)
Armour
 c - a +0 leather armour (worn)
 f - a +0 helmet
 n - a +1 hat of stealth
Jewellery
 l - an amulet of guardian spirit
Scrolls
 b - 2 scrolls of vulnerability
 d - 2 scrolls of teleportation {@r2}
 j - 2 scrolls of identify {@r1}
Potions
 e - 2 potions of brilliance {unknown}
 g - a potion of heal wounds {unknown}
 h - a potion of curing {unknown}
 i - a potion of lignification {unknown}
 k - 3 potions of ambrosia
 m - 2 potions of flight
 o - a potion of haste {@q3}
 p - 2 potions of degeneration {unknown}
 q - a potion of attraction {unknown}

Dungeon Overview and Level Annotations

Branches:
Dungeon (4/15)
 Temple: D:4-7

Altars:

Annotations:
D:4 2 runed translucent doors

#.##########)######.
#.#<...#..
##..........
#..######..#
...#######.##l #
........##)#.#
...####.##.#r#
#.....[...#l###
#.........#@#.##
#..###....##)#.# #.
#.....###'# #
#.........▒
#........▒▒
##.......▒
#.......+5
#......[+.:5
#.......▒8.$.


You could see a wyvern (wandering), an iguana and a quokka.


Message History

There is an open door here.
A goblin comes into view. It is wielding a +0 club.
The goblin shouts!
The goblin misses you.
A goblin is nearby!
You completely miss the goblin.
You touch the goblin.
You kill the goblin!
No target in view!
An iguana comes into view.
The iguana hisses angrily.
A quokka comes into view.
Things that are here:
a +0 club; a goblin corpse
There are monsters nearby!
The iguana barely misses you.
You sock the iguana!
The iguana is heavily wounded.
The iguana bites you! x2
* * * LOW HITPOINT WARNING * * *
You are too injured to fight recklessly!
You are too injured to fight recklessly!
You are too injured to fight recklessly!
You barely miss the iguana.
The iguana is heavily wounded.
The iguana bites you!
* * * LOW HITPOINT WARNING * * *
It was a potion of haste.
You feel yourself speed up.
A wyvern comes into view.
The iguana bites you!
You die...

Skill      XL: |  1  2  3  4 |
---------------+-------------+-----
Maces & Flails | 3 |  3.3
Unarmed Combat | 1 2 3 |  3.0
Fighting       | |  2.0
Spellcasting   | |  3.0
Poison Magic   | |  2.0

Action                     |  1- 3 |  4- 6 || total
---------------------------+-------+-------++-------
  Melee: Flail             |    62 |    21 ||    83
         Touch             |     8 |     2 ||    10
    Use: Scroll            |     4 |     1 ||     5
         Potion            |       |     1 ||     1
 Armour: Leather armour    |    16 |     4 ||    20
  Dodge: Dodged            |    33 |    10 ||    43

Levels and vault maps discovered:
D:1:      wander_arrival_desolate, layout_basic, nicolae_eternal_life
D:2:      layout_loops_ring, fountainhead, chequers_serial_rivers_small_a
D:3:      layout_rooms, reono_crystal_passage, chequers_serial_rivers_small_b
D:4:      cheibrodos_greedy_goblins, layout_basic,
          minmay_hollow_rounded_squares, uniq_grinder, uniq_blork_the_orc,
          uniq_pikel

Notes
Turn   | Place    | Note
-------+----------+-------------------------------------------
     0 | D:1      | demibob the Demonspawn Wanderer began the quest for the
                  | Orb.
     0 | D:1      | demibob set off with the following items: a +1 flail, a
                  | scroll of vulnerability, a +0 leather armour; and the
                  | following spell memorised: Sting; and the following spells
                  | available to memorise: Ignite Poison.
     0 | D:1      | Reached XP level 1. HP: 16/16 MP: 4/4
   118 | D:1      | Reached skill level 3 in Maces & Flails
   232 | D:1      | Gained mutation: Your touch may inflict minor irresistible
                  | damage on your foes. [demonic ancestry]
   232 | D:1      | Reached XP level 2. HP: 22/22 MP: 6/6
   937 | D:2      | Reached skill level 1 in Unarmed Combat
   960 | D:2      | Gained mutation: You regenerate magic rapidly. [demonic
                  | ancestry]
   960 | D:2      | Reached XP level 3. HP: 11/27 MP: 7/7
  1709 | D:3      | Reached skill level 2 in Unarmed Combat
  1935 | D:3      | Reached XP level 4. HP: 33/33 MP: 8/8
  2133 | D:4      | Found a large runed translucent door.
  2285 | D:4      | Reached skill level 3 in Unarmed Combat
  2327 | D:4      | Found a large runed translucent door.
  2331 | D:4      | Noticed a lemure
  2331 | D:4      | Noticed a lemure
  2345 | D:4      | Noticed a wyvern
  2345 | D:4      | Slain by an iguana

Vanquished Creatures
  4 adders
  2 worms (D:3)
  3 dart slugs
  5 orcs
  2 endoplasms
  2 giant cockroaches (D:1)
  4 goblins
  6 hobgoblins
  A quokka (D:1)
  2 bats
  3 frilled lizards
  2 rats
36 creatures vanquished.

Table legend: (Time is in decaauts)
 A = Elapsed time spent in this place.
 B = Non-inter-level travel time spent in this place.
 C = Inter-level travel time spent in this place.
 D = Time resting spent in this place.
 E = Time spent auto-exploring this place.
 F = Levels seen in this place.
 G = Mean time per level.
                   A        B        C        D        E       F      G
               +--------+--------+--------+--------+--------+-----+--------+
         Total |   2368 |   2299 |     69 |    167 |   1866 |   4 |  592.0 |
       Dungeon |   2368 |   2299 |     69 |    167 |   1866 |   4 |  592.0 |
               +--------+--------+--------+--------+--------+-----+--------+

Top non-repeatable levels by time:
     D:1: 926 daAuts
     D:2: 730 daAuts
     D:3: 606 daAuts
     D:4: 105 daAuts

Table legend:
 A = Non-vault XP
 B = Vault XP
 C = Vault XP percentage of total XP
 D = Non-vault monster count
 E = Vault monster count
 F = Vault count percentage of total count
                 A         B        C        D         E       F
            +---------+---------+-------+---------+---------+-------
      Total |     126 |       2 |   1.6 |      35 |       1 |   2.8
            +---------+---------+-------+---------+---------+-------
        D:1 |      22 |       0 |   0.0 |      11 |       0 |   0.0
        D:2 |      24 |       0 |   0.0 |       5 |       0 |   0.0
        D:3 |      68 |       0 |   0.0 |      15 |       0 |   0.0
        D:4 |      12 |       2 |  14.3 |       4 |       1 |  20.0
            +---------+---------+-------+---------+---------+-------
